 Dungeon Crawl Stone Soup version 0.32-a0-953-g508020473e (webtiles) character file.

Game seed: 6488072833133899546

16 elagabalus the Slasher (level 2, 24/24 HPs)
             Began as a Coglin Monk on Apr 16, 2024.
             Quit the game on level 1 of the Dungeon.
             The game lasted 00:02:28 (430 turns).

elagabalus the Slasher (Coglin Monk)                 Turns: 430, Time: 00:02:29

Health: 24/24      AC:  3    Str: 11    XL:     2   Next: 54%
Magic:  2/2        EV: 12    Int:  9    God:
Gold:   55         SH:  0    Dex: 16    Spells: 1/1 levels left

rFire   . . .        a - +0 falchion {Lucía}
rCold   . . .        e - +0 dagger (drain) {Ashmeen}
rNeg    . . .        b - +0 robe
rPois   .            f - +0 helmet
rElec   .            (no cloak)
rCorr   .            (no gloves)
SInv    .            (no boots)
Will    .....        (amulet unavailable)
Stlth   +            (ring unavailable)
HPRegen 0.24/turn    (ring unavailable)
MPRegen 0.08/turn    (no gizmo)

%: no passive effects
@: no status effects
A: off-hand wielding, slow wielding, warmup strikes, no jewellery
a: Invent Gizmo


You were on level 1 of the Dungeon.
You visited 1 branch of the dungeon, and saw 1 of its levels.

You collected 55 gold pieces.

Inventory:

Hand Weapons
 a - a +0 falchion (weapon) {Lucía}
 e - a +0 dagger of draining (offhand) {Ashmeen}
Armour
 b - a +0 robe (worn)
 d - an orb of light
 f - a +0 helmet (worn)
Potions
 c - a potion of ambrosia


   Skills:
 - Level 3.0 Fighting
 * Level 3.8 Long Blades
 - Level 2.6 Dodging


You had one spell level left.
You didn't know any spells.
Your spell library contained the following spells:

 Spells                   Type           Power      Damage    Failure   Level
 Death Channel            Necr           0%         N/A       100%        6
 Sculpt Simulacrum        Ice/Alch       0%         N/A       100%        6
 Rimeblight               Ice/Necr       0%         2d3       (prima100%   7


Dungeon Overview and Level Annotations

Branches:
Dungeon (1/15)

Altars:

Shops:
D:1 [


Innate Abilities, Weirdness & Mutations

You can wield a second weapon in your off-hand.
It takes a long time for you to wield or remove held weapons.
Your first few attacks do less damage.
You cannot equip rings or amulets.


Message History

A rat comes into view.
You closely miss the goblin with your +0 falchion.
You barely miss the goblin with your +0 dagger of draining.
The goblin barely misses you.
You hit the goblin with your +0 falchion.
The goblin is severely wounded.
You barely miss the goblin with your +0 dagger of draining.
The goblin hits you with a +0 club. The goblin barely misses you.
You hit the goblin with your +0 dagger of draining.
You kill the goblin!
The goblin barely misses you.
You hit the goblin with your +0 falchion.
You kill the goblin!
You see here a +0 club.
You slash the rat with your +0 falchion!
You kill the rat!
Found Rigalail's Antique Armour Boutique.
Found an escape hatch in the floor.
You open the door.
There is an open door here.
Found a robe.
You see here a +0 robe.
You see here a +0 robe.
There is an escape hatch in the floor here.
As you open the door, it creaks loudly!
There is an open door here.
You open the door.
Found a dagger and 10 gold pieces.
There is an open door here.
Found a leather armour.
A dart slug comes into view.
You now have 55 gold pieces (gained 10).
You hit the dart slug with your +0 falchion.
The dart slug is heavily wounded.
You hit the dart slug with your +0 dagger of draining.
You drain the dart slug.
You kill the dart slug!
You see here a dart slug corpse.
Found a stone staircase leading down.
Are you sure you want to abandon this character and quit the game? (Confirm with "yes".)

#####+#### ...[.....#
.........# .........#
.........#
.........################
.........+......@>......#
.........######.#.#####.
.........## #.#.#
..........# #.#.#
#.....###.# #.#.#
####'####+# #.#.#####.#
..........# #.........#
####<###### ###.#######
### #.#


There were no monsters in sight!

Vanquished Creatures
  A dart slug (D:1)
  An endoplasm (D:1)
  2 goblins (D:1)
  4 jackals (D:1)
  A quokka (D:1)
  A ball python (D:1)
  2 kobolds (D:1)
  A rat (D:1)
13 creatures vanquished.

Notes
Turn   | Place    | Note
-------+----------+-------------------------------------------
     0 | D:1      | elagabalus the Coglin Monk began the quest for the Orb.
     0 | D:1      | Reached XP level 1. HP: 18/18 MP: 1/1
   109 | D:1      | Reached XP level 2. HP: 11/24 MP: 2/2
   285 | D:1      | Found Rigalail's Antique Armour Boutique.
   430 | D:1      | Quit the game

Illustrated notes

Levels and vault maps discovered:
D:1:      minmay_arrival_three_doors, layout_basic, serial_shops,
          nicolae_shop_statue_plus

Action                     || total
---------------------------++-------
  Melee: Falchion          ||    35
         Dagger            ||     8
 Armour: Robe              ||    24
  Dodge: Dodged            ||    30

Table legend: (Time is in decaauts)
 A = Elapsed time spent in this place.
 B = Non-inter-level travel time spent in this place.
 C = Inter-level travel time spent in this place.
 D = Time resting spent in this place.
 E = Time spent auto-exploring this place.
 F = Levels seen in this place.
 G = Mean time per level.
                   A        B        C        D        E       F      G
               +--------+--------+--------+--------+--------+-----+--------+
         Total |    433 |    433 |      0 |      0 |      4 |   1 |  433.0 |
       Dungeon |    433 |    433 |      0 |      0 |      4 |   1 |  433.0 |
               +--------+--------+--------+--------+--------+-----+--------+

Top non-repeatable levels by time:
     D:1: 433 daAuts
